 Dungeon Crawl Stone Soup version 0.21-a0-504-g2eda330 (webtiles) character file.

13 4thArraOfDagon the Firebug (level 2, -6/15 HPs)
             Began as a Deep Elf Fire Elementalist on Nov 26, 2017.
             Mangled by an orc priest
             ... wielding a +0 falchion
              (8 damage)
             ... on level 3 of the Dungeon.
             The game lasted 00:01:13 (178 turns).

4thArraOfDagon the Firebug (DEFE)                    Turns: 178, Time: 00:01:14

Health: -6/15      AC:  2    Str:  2 (5)  XL:     2   Next: 24%
Magic:  0/8        EV: 18    Int: 17 (19) God:
Gold:   42         SH:  0    Dex: 18 (20) Spells: 6/7 levels left

rFire    . . .     SeeInvis .   (no weapon)
rCold    . . .     Gourm    .   (no shield)
rNeg     . . .     Faith    .   a - +0 robe
rPois    .         Spirit   .   (no helmet)
rElec    .         Reflect  .   (no cloak)
rCorr    .         Harm     .   (no gloves)
MR       .....                  (no boots)
Stlth    ++++......             (no amulet)
HPRegen  0.05/turn              e - ring of stealth
MPRegen  0.11/turn              (no ring)

@: agile
A: no striking features
a: no special abilities


You were on level 3 of the Dungeon.
You were not hungry.

You visited 1 branch of the dungeon, and saw 3 of its levels.

You collected 42 gold pieces.

Inventory:

Armour
 a - a +0 robe (worn)
Jewellery
 e - a ring of stealth (left hand)
Books
 b - a book of Flames

   Spells                             Type                      Level
   a - Flame Tongue                   Conjuration/Fire             1
   b - Throw Flame                    Conjuration/Fire             2
   c - Conjure Flame                  Conjuration/Fire             3
   d - Inner Flame                    Hexes/Fire                   3
   e - Sticky Flame                   Conjuration/Fire             4
   f - Fireball                       Conjuration/Fire             5
Comestibles
 c - 2 bread rations
 h - a meat ration


   Skills:
 - Level 2.4 Dodging
 - Level 2.4 Stealth
 + Level 3.2 Spellcasting
 * Level 1.8 Conjurations
 * Level 3.6 Fire Magic


You had 6 spell levels left.
You knew the following spells:

 Your Spells              Type           Power        Failure   Level  Hunger
a - Flame Tongue          Conj/Fire      ##...        5%          1    None


Dungeon Overview and Level Annotations

Branches:
Dungeon (3/15)

Altars:

Annotations:
D:3 Sigmund


Message History

You see here a glowing purple potion.
Unknown command.
It was a potion of degeneration.
There was something very wrong with that liquid.
You feel weakened.
You feel dopey.
You feel clumsy. The orc priest misses you.
Casting: Flame Tongue
Confirm with . or Enter, or press ? or * to list all spells.
Aiming: Flame Tongue
Press: ? - help, Shift-Dir - straight line, f - orc priest
Aim: an orc priest, wielding a falchion and wearing a ring mail The flame tongue hits the orc priest.
The orc priest appears unharmed.
The orc priest completely misses you.
You aren't carrying any potions.
Okay, then.
As you read the scroll labeled ATUYPHY REFF, it crumbles to dust.
You feel aware of your surroundings.
It was a scroll of magic mapping.
The orc priest hits you with a falchion!
Ouch! That really hurt!
You die...

*,,,,>.!##...## *,********
***,**,*#.#.....## *,**
***,,,,,,*#........## *,,**
*,,,,,,,**#.........###*,,,******
*,*,,,,,,,+............,,,,,,,,,,
*,*,,,,,###..........$.,,,,,*****
*,*,,,,............#.#**,,*,*
*,*,,,*.#####...o.##,* *,**,* **
*,**,**,* ##..@##*,* *,**,* *,
*,**,**,* ##+## *,* *,,,,* *,
*,,,,,,,* *,* *,* ***,,* *,
****,**** *,****,*****,,* *,
*,******* **,**,*,,,,,,,,* *,
*,,,,,,,***,,,,*,******,** *,
*******,**,,,,***,*****,* *,
*,,,**,,** **,,,,,,* ** *,*,**,**
**,*****


You could see an orc priest.

Vanquished Creatures
  A leopard gecko (D:1)
  3 orcs (D:3)
  2 bats
  A goblin (D:2)
  A frilled lizard (D:2)
8 creatures vanquished.

Notes
Turn   | Place    | Note
-------+----------+-------------------------------------------
     0 | D:1      | 4thArraOfDagon the Deep Elf Fire Elementalist began the quest for the Orb.
     0 | D:1      | Reached XP level 1. HP: 10/10 MP: 6/6
   136 | D:3      | Noticed an orc priest
   153 | D:3      | Reached XP level 2. HP: 11/15 MP: 1/8
   164 | D:3      | Noticed Sigmund
   178 | D:3      | Mangled by an orc priest

Vault maps used:
D:1:      dpeg_arrival_boxes_within_box
D:2:      first_bread, st_stairs_9
D:3:      kennysheep_potato, uniq_terence, uniq_grinder, uniq_sigmund,
          uniq_jessica

Action                   || total
-------------------------++-------
 Cast: Flame Tongue      ||    14
  Use: Scroll            ||     4
       Potion            ||     2
Armor: Robe              ||     2
Dodge: Dodged            ||     6

Table legend:
 A = Spawn XP
 B = Non-spawn XP
 C = Spawn XP percentage of total XP
 D = Spawn monster count
 E = Non-spawn monster count
 F = Spawn count percentage of total count
 G = Total turns spent on level
                    A         B        C        D         E        F      G
               +---------+---------+-------+---------+---------+-------+---------
         Total |       0 |      19 |   0.0 |       0 |       8 |   0.0 |   178
               +---------+---------+-------+---------+---------+-------+---------
           D:1 |       0 |       5 |   0.0 |       0 |       2 |   0.0 |    76
           D:2 |       0 |       5 |   0.0 |       0 |       3 |   0.0 |    55
           D:3 |       0 |       9 |   0.0 |       0 |       3 |   0.0 |    47
               +---------+---------+-------+---------+---------+-------+---------
